 Dungeon Crawl Stone Soup version 0.18.1-6-gd335043 (webtiles) character file.

25937 GordonOverkill the Jinx (level 12, -8/92 HPs)
             Began as a Vampire Enchanter on May 15, 2016.
             Was a High Priest of Dithmenos.
             Mangled by a skeletal warrior (24 damage)
             ... led by a skeletal warrior
             ... on level 9 of the Dungeon on May 16, 2016.
             The game lasted 01:30:04 (19919 turns).

GordonOverkill the Jinx (Vampire Enchanter)        Turns: 19919, Time: 01:30:05

Health: -8/92      AC:  5    Str:  7    XL:     12   Next: 93%
Magic:  15/39      EV: 21    Int: 21    God:    Dithmenos [*****.]
Gold:   375        SH:  8    Dex: 18    Spells: 5 memorised, 11 levels left

rFire  . . .     SeeInvis +     a - +6 dagger (venom)
rCold  + + .     Gourm    .     s - +1 robe
rNeg   + + .     Faith    .     y - +2 buckler
rPois  +         Spirit   .     B - +1 helmet
rElec  +         Dismiss  .     (no cloak)
rCorr  .         Reflect  .     (no gloves)
SustAt .         Harm     .     (no boots)
MR     ++...                    e - amulet "Aklutek" {rElec rPois rC+ Regen+ MP+9 Int+2}
Stlth  +++++++++.               J - ring of magical power
                                h - ring of protection from magic

@: regenerating slowly, wreathed by umbra, very resistant to hostile
enchantments, incredibly stealthy
A: fangs 3, see invisible, unbreathing
a: Bat Form, Shadow Step, Shadow Form, Renounce Religion


You were on level 9 of the Dungeon.
You worshipped Dithmenos.
Dithmenos was extremely pleased with you.
You were thirsty.

You visited 2 branches of the dungeon, and saw 13 of its levels.

You collected 1206 gold pieces.
You spent 831 gold pieces at shops.

Inventory:

Hand Weapons
 a - a +6 dagger of venom (weapon)
 b - a +2 dagger of electrocution
Missiles
 C - 2 throwing nets (quivered)
Armour
 s - a +1 robe (worn)
 y - a +2 buckler (worn)
 B - a +1 helmet (worn)
 L - a troll hide
Jewellery
 e - the amulet "Aklutek" (around neck) {rElec rPois rC+ Regen+ MP+9 Int+2}
   (You bought it in a shop on level 2 of the Orcish Mines)

   [amulet of regeneration]

   It affects your intelligence (+2).
   It protects you from cold.
   It insulates you from electricity.
   It protects you from poison.
   It affects your magic capacity (+9).
   It increases your rate of regeneration.
 f - an uncursed ring of resist corrosion
 h - a ring of protection from magic (left hand)
 J - a ring of magical power (right hand)
Wands
 t - a wand of paralysis (13/24)
 z - a wand of acid (7/15)
 D - a wand of confusion (17/48)
 E - a wand of confusion (30/48)
Scrolls
 g - a scroll of recharging
 l - a scroll of fog
 n - 2 scrolls of magic mapping
 p - 3 scrolls of remove curse
 H - 3 scrolls of enchant weapon
Potions
 d - 37 potions of blood
 i - 4 potions of curing
 j - a potion of agility
 k - 2 potions of heal wounds
 m - 3 potions of flight
 q - a potion of haste
 u - 2 potions of mutation
 x - 2 potions of brilliance
 I - a potion of ambrosia {unknown}
Books
 c - a book of Maledictions

   Spells                             Type                      Level
   a - Corona                         Hexes                        1
   b - Ensorcelled Hibernation        Hexes/Ice                    2
   c - Confuse                        Hexes                        3
   d - Tukima's Dance                 Hexes                        3
   e - Dazzling Spray                 Conjuration/Hexes            3
 o - a book of the Warp

   Spells                             Type                      Level
   a - Recall                         Summoning/Translocation      3
   b - Gell's Gravitas                Hexes/Translocation          3
   c - Force Lance                    Conjuration/Translocation    4
   d - Warp Weapon                    Charms/Translocation         5
   e - Summon Forest                  Summoning/Translocation      5
 v - a book of the Sky

   Spells                             Type                      Level
   a - Summon Lightning Spire         Summoning/Air                4
   b - Airstrike                      Air                          4
   c - Silence                        Hexes/Air                    5
   d - Deflect Missiles               Charms/Air                   6
   e - Conjure Ball Lightning         Conjuration/Air              6
   f - Tornado                        Air                          9
 w - a book of Callings

   Spells                             Type                      Level
   a - Summon Small Mammal            Summoning                    1
   b - Call Imp                       Summoning                    2
   c - Call Canine Familiar           Summoning                    3
   d - Summon Guardian Golem          Hexes/Summoning              3
   e - Summon Lightning Spire         Summoning/Air                4
   f - Summon Ice Beast               Ice/Summoning                4
Miscellaneous
 P - a phial of floods


   Skills:
 - Level 8.0 Fighting
 - Level 10.1 Short Blades
 - Level 11.1 Dodging
 + Level 11.5 Stealth
 - Level 5.0 Shields
 - Level 6.0 Spellcasting
 - Level 12.0 Hexes
 - Level 6.1 Summonings
 - Level 3.0 Ice Magic


You had 11 spell levels left.
You knew the following spells:

 Your Spells              Type           Power        Failure   Level  Hunger
a - Corona                Hex            ######.      1%          1    None
b - Ensorcelled Hibernat  Hex/Ice        #####.       1%          2    None
c - Confuse               Hex            ######..     1%          3    ##.....
d - Summon Guardian Gole  Hex/Summ       #####...     1%          3    ##.....
e - Tukima's Dance        Hex            ######..     1%          3    ##.....


Dungeon Overview and Level Annotations

Branches:
Dungeon (11/15)            Temple (0/1) D:4            Lair (0/8) D:9
    Orc (2/2) D:9             Elf (0/3) Orc:2

Altars:
Ashenzari
Cheibriados
Dithmenos
Fedhas
Nemelex Xobeh
Okawaru
Pakellas
Qazlal
Sif Muna
Trog
Yredelemnul
The Shining One
Beogh

Shops:
Orc:2 %?*=


Innate Abilities, Weirdness & Mutations

You heal slowly.
You have razor-sharp teeth.
You have supernaturally acute eyesight.
You can survive without breathing.


Message History

You hit the skeletal warrior but do no damage.
The skeletal warrior is lightly damaged.
You hit the skeletal warrior but do no damage.
The skeletal warrior is lightly damaged.
The skeletal warrior closely misses you.
You barely miss the skeletal warrior.
You bite the skeletal warrior, but do no damage.
The skeletal warrior is lightly damaged.
Your glaive of protection hits the skeletal warrior from afar!
You hit the skeletal warrior but do no damage.
The skeletal warrior is moderately damaged.
The skeletal warrior hits you!!
* * * LOW HITPOINT WARNING * * *
You closely miss the skeletal warrior.
The skeletal warrior is moderately damaged.
You block the skeletal warrior's attack.
You climb upwards.
There is a stone staircase leading down here.
The skeletal warrior hits you!!
You die...

### ######################## ..#
#.[..................... ..#
#....................... ..#
#....................... ..#
#........>..............
..########.......................
.........%.......###...###.......
................z##.....##.......
.#############(.@#.......#.......
.# ####(..#.......#....... .#
#..(................... .#
#.##...[............... ## ###
#.####.....>.......รท... ###
#.######.# #.................
#.###.#..#.#.###.................
..##..###..##.##.#.......#.......
.......###..#.####.......#.......


You could see a skeletal warrior.

Vanquished Creatures
  2 orc warlords
  5 orc high priests (Orc:2)
  The ghost of PossumBlood the Fighter, a novice MiFi of Okawaru (D:6)
  Pikel (D:8)
  2 hill giants (D:10)
  4 orc knights (Orc:2)
  3 orc sorcerers (Orc:2)
  Joseph (D:7)
  3 trolls
  4 two-headed ogres
  Sigmund (D:6)
  6 yaks (D:10)
  The ghost of Kenran the Slasher, an amateur DsFi of Gozag (D:3)
  8 wargs
  2 hungry ghosts (D:9)
  Menkaure (D:7)
  A water moccasin (D:9)
  45 orc warriors
  3 sky beasts
  20 ogres
  2 ice beasts
  2 necrophages
  6 phantoms
  3 centaurs
  A crocodile (D:9)
  7 giant frogs
  A wyvern zombie (D:6)
  A gnoll sergeant (D:6)
  4 scorpions
  A troll zombie (D:9)
  2 jellies
  12 killer bees
  8 wights
  2 howler monkeys
  2 crimson imps
  2 giant frog zombies
  A hound (D:9)
  2 centaur zombies
  A giant frog skeleton (D:8)
  31 orc priests
  A quasit (D:11)
  24 orc wizards
  A centaur skeleton (D:7)
  A gnoll shaman (D:9)
  Jessica (D:2)
  3 iguanas
  8 worker ants
  5 ogre zombies (D:9)
  12 gnolls
  10 adders
  A shadow imp (D:5)
  An adder zombie (D:7)
  2 adder skeletons (D:4)
  4 worms
  4 dart slugs
  3 giant geckos
  97 orcs
  8 giant cockroaches
  2 gnoll zombies (D:8)
  6 goblins
  5 hobgoblins
  11 jackals
  6 quokkas
  A ball python (D:5)
  4 bats
  A giant gecko skeleton (D:3)
  7 giant newts
  A goblin skeleton (D:9)
  A goblin zombie (D:9)
  A hobgoblin zombie (D:9)
  10 kobolds
  3 orc skeletons (D:9)
  12 orc zombies (D:9)
  A quokka skeleton (D:5)
  7 rats
470 creatures vanquished.

Vanquished Creatures (others)
  A scorpion (D:8)
  A crimson imp (D:8)
  A giant gecko (D:8)
  2 orcs (Orc:2)
  A plant (D:9)
6 creatures vanquished.

Grand Total: 476 creatures vanquished

Notes
Turn   | Place    | Note
--------------------------------------------------------------
     0 | D:1      | GordonOverkill the Vampire Enchanter began the quest for the Orb.
     0 | D:1      | Reached XP level 1. HP: 13/13 MP: 3/3
   205 | D:1      | Reached XP level 2. HP: 19/19 MP: 3/5
   554 | D:1      | Learned a level 2 spell: Ensorcelled Hibernation
   864 | D:1      | Reached skill level 5 in Stealth
   867 | D:1      | Reached skill level 5 in Hexes
  1421 | D:2      | Reached XP level 3. HP: 24/24 MP: 6/6
  1435 | D:2      | Learned a level 3 spell: Confuse
  1816 | D:2      | Noticed Jessica
  1838 | D:2      | Killed Jessica
  1838 | D:2      | Reached XP level 4. HP: 30/30 MP: 4/8
  2040 | D:2      | Reached skill level 6 in Hexes
  2412 | D:2      | Found a shadowy altar of Dithmenos.
  2423 | D:2      | Became a worshipper of Dithmenos the Shadowed
  2483 | D:2      | Reached skill level 1 in Ice Magic
  2599 | D:2      | Reached XP level 5. HP: 35/35 MP: 6/9
  3135 | D:3      | Found a blossoming altar of Fedhas.
  3391 | D:3      | Noticed Kenran's ghost (amateur DsFi)
  4139 | D:3      | Killed Kenran's ghost
  4139 | D:3      | Reached skill level 7 in Hexes
  4139 | D:3      | Reached XP level 6. HP: 23/41 MP: 8/10
  4677 | D:4      | Reached skill level 8 in Hexes
  4894 | D:4      | Reached skill level 9 in Hexes
  4978 | D:4      | Found a staircase to the Ecumenical Temple.
  5035 | D:4      | Found a bloodstained altar of Trog.
  5217 | D:4      | Reached XP level 7. HP: 39/46 MP: 3/11
  5636 | D:4      | Reached skill level 10 in Hexes
  5994 | D:4      | Reached skill level 11 in Hexes
  6093 | D:4      | Reached * piety under Dithmenos
  6645 | D:5      | Entered Level 5 of the Dungeon
  6836 | D:5      | Reached XP level 8. HP: 52/52 MP: 12/12
  7236 | D:5      | Reached skill level 5 in Short Blades
  8130 | D:6      | Learned a level 3 spell: Summon Guardian Golem
  8226 | D:6      | Found a deep blue altar of Sif Muna.
  8343 | D:6      | Reached skill level 1 in Summonings
  8597 | D:6      | Noticed PossumBlood's ghost (novice MiFi)
  8625 | D:6      | Killed PossumBlood's ghost
  8625 | D:6      | Reached skill level 5 in Summonings
  8625 | D:6      | Reached XP level 9. HP: 57/57 MP: 4/13
  8713 | D:6      | Found a stormy altar of Qazlal.
  8717 | D:6      | Found a sparkling altar of Nemelex Xobeh.
  8719 | D:6      | Found an iron altar of Okawaru.
  8724 | D:6      | Noticed Sigmund
  8734 | D:6      | Killed Sigmund
  8745 | D:6      | Reached skill level 1 in Fighting
  8869 | D:6      | Reached ** piety under Dithmenos
  9636 | D:7      | Found a snail-covered altar of Cheibriados.
  9980 | D:7      | Noticed Joseph
  9998 | D:7      | Killed Joseph
  9998 | D:7      | Reached skill level 5 in Dodging
 10043 | D:7      | Noticed Menkaure
 10056 | D:7      | Killed Menkaure
 10135 | D:7      | Found an oddly glowing altar of Pakellas.
 10225 | D:7      | Reached XP level 10. HP: 63/71 MP: 7/14
 10404 | D:8      | Noticed Pikel
 10417 | D:8      | Killed Pikel
 10735 | D:8      | Found a shattered altar of Ashenzari.
 10793 | D:8      | Found a basalt altar of Yredelemnul.
 11419 | D:9      | Reached skill level 10 in Stealth
 11438 | D:9      | Found a glowing golden altar of the Shining One.
 11816 | D:9      | Found a staircase to the Orcish Mines.
 11870 | D:8      | Reached *** piety under Dithmenos
 12478 | D:9      | Reached skill level 5 in Spellcasting
 12638 | D:9      | Found a staircase to the Lair.
 12643 | D:9      | Reached **** piety under Dithmenos
 13463 | Orc:1    | Entered Level 1 of the Orcish Mines
 13517 | Orc:1    | Reached skill level 12 in Hexes
 13517 | Orc:1    | Reached XP level 11. HP: 77/77 MP: 17/20
 13650 | Orc:1    | Noticed an orc warlord
 13832 | D:9      | Killed an orc warlord
 14220 | Orc:2    | Entered Level 2 of the Orcish Mines
 14519 | Orc:1    | Reached skill level 10 in Short Blades
 14984 | Orc:2    | Noticed an orc knight
 15007 | Orc:2    | Killed an orc knight
 15007 | Orc:2    | Reached skill level 5 in Fighting
 15145 | Orc:2    | Found Loapodytre's Food Emporium.
 15160 | Orc:2    | Found a roughly hewn altar of Beogh.
 15208 | Orc:2    | Noticed an orc sorcerer
 15208 | Orc:2    | Noticed an orc knight
 15213 | Orc:2    | Killed an orc sorcerer
 15214 | Orc:2    | Killed an orc knight
 15275 | Orc:2    | Found Plog's Magic Scroll Shoppe.
 15275 | Orc:2    | Noticed an orc knight
 15284 | Orc:2    | Killed an orc knight
 15353 | Orc:2    | Noticed an orc high priest
 15581 | Orc:2    | Killed an orc high priest
 15883 | Orc:2    | Reached ***** piety under Dithmenos
 16061 | Orc:2    | Noticed an orc knight
 16070 | Orc:2    | Killed an orc knight
 16070 | Orc:2    | Reached XP level 12. HP: 92/92 MP: 9/21
 17368 | Orc:2    | Found a staircase to the Elven Halls.
 17792 | Orc:2    | Noticed an orc warlord
 17883 | Orc:2    | Killed an orc warlord
 17883 | Orc:2    | Reached skill level 10 in Dodging
 17884 | Orc:2    | Found a roughly hewn altar of Beogh.
 18060 | Orc:2    | Noticed an orc high priest
 18080 | Orc:2    | Noticed an orc high priest
 18094 | Orc:2    | Noticed an orc high priest
 18095 | Orc:2    | Found Ighopp's Jewellery Boutique.
 18331 | Orc:2    | Killed an orc high priest
 18430 | Orc:2    | Bought the amulet "Aklutek" {rElec rPois rC+ Regen+ MP+9 Int+2} for 831 gold pieces
 18574 | Orc:2    | Killed an orc high priest
 18697 | Orc:2    | Killed an orc high priest
 18792 | Orc:2    | Noticed an orc high priest
 18805 | Orc:2    | Killed an orc high priest
 18815 | Orc:2    | Found Nez Soty's General Store.
 18955 | D:10     | Entered Level 10 of the Dungeon
 19362 | D:10     | Reached skill level 5 in Shields
 19523 | D:10     | Found a glowing golden altar of the Shining One.
 19888 | D:9      | Learned a level 3 spell: Tukima's Dance
 19919 | D:9      | Mangled by a skeletal warrior

Skill      XL: |  1  2  3  4  5  6  7  8  9 10 11 12 |
---------------+-------------------------------------+-----
Stealth        | 5 11 | 11.5
Hexes          | 5 6 7 9 11 12 | 12.0
Spellcasting   | 3 6 |  6.0
Ice Magic      | 1 3 |  3.0
Short Blades   | 3 7 10 | 10.1
Summonings     | 5 6 |  6.1
Fighting       | 4 8 |  8.0
Dodging        | 6 11 | 11.1
Shields        | 5 |  5.0

Action                   |  1- 3 |  4- 6 |  7- 9 | 10-12 || total
-------------------------+-------+-------+-------+-------++-------
Melee: Dagger            |    72 |   104 |   262 |   612 ||  1050
       Bite              |     2 |    11 |    29 |    48 ||    90
 Cast: Corona            |    12 |     1 |       |       ||    13
       Ensorcelled Hiber |    15 |    40 |    42 |   240 ||   337
       Confuse           |       |    11 |    47 |   101 ||   159
       Summon Guardian G |       |       |       |     1 ||     1
       Tukima's Dance    |       |       |       |    10 ||    10
 Abil: End Transformatio |       |       |       |     1 ||     1
       Bat Form          |       |       |       |     1 ||     1
  Use: Scroll            |     8 |     1 |     4 |     9 ||    22
       Potion            |     1 |     4 |     7 |    14 ||    26
 Stab: Sleeping          |    15 |    33 |    33 |   208 ||   289
       Confused          |       |     8 |    30 |    50 ||    88
       Distracted        |       |       |     1 |     8 ||     9
Armor: Robe              |    10 |    14 |    26 |    44 ||    94
Dodge: Dodged            |    43 |    55 |   127 |   549 ||   774
Block: Buckler           |       |       |       |    13 ||    13
